 Dungeon Crawl Stone Soup version 0.17-a0-2231-gd80ca38 (webtiles) character file.

138 Raultor the Gusty (level 5, 0/28 HPs)
             Began as a Tengu Air Elementalist on Oct 29, 2015.
             Slain by an orc wizard
             ... wielding a +0 dagger
              (3 damage)
             ... on level 3 of the Dungeon.
             The game lasted 00:15:18 (2432 turns).

Raultor the Gusty (Tengu Air Elementalist)          Turns: 2432, Time: 00:15:18

Health: 0/28       AC:  3    Str:  8    XL:     5   Next: 21%
Magic:  0/10       EV: 12    Int: 16    God:
Gold:   65         SH:  0    Dex: 15    Spells: 3 memorised, 4 levels left

rFire  . . .     SeeInvis .     t - +3 quarterstaff (chaos)
rCold  . . .     Clarity  .     a - +0 robe
rNeg   . . .     SustAt   .     (no shield)
rPois  .         Gourm    .     (helmet restricted)
rElec  .         Spirit   .     u - +0 cloak
rCorr  .         Warding  .     (no gloves)
rMut   .         Stasis   .     (boots unavailable)
MR     .....                    (no amulet)
Stlth  +.........               (no ring)
                                (no ring)

@: confused, not resistant to hostile enchantments, very unstealthy
A: beak, talons 3, able to fly 1
a: Fly


You were on level 3 of the Dungeon.
You were not hungry.

You visited 1 branch of the dungeon, and saw 3 of its levels.

You collected 65 gold pieces.

Inventory:

Hand Weapons
 e - a +0 club
 h - a +0 whip
 t - a +3 quarterstaff of chaos (weapon)
Armour
 a - a +0 robe (worn)
 u - a +0 cloak (worn)
Jewellery
 i - an uncursed ring of magical power {unknown}
 n - an uncursed ring of fire {unknown}
 p - an uncursed amulet of clarity {unknown}
Wands
 s - a wand of frost (14)
Scrolls
 d - a scroll of enchant armour {unknown}
 k - 5 scrolls of identify {unknown}
 q - a scroll of fear {unknown}
 v - a scroll of blinking {unknown}
 x - a scroll of noise {unknown}
Potions
 f - a potion of haste
 g - 2 potions of curing {unknown}
 j - a potion of agility {unknown}
 l - a potion of brilliance {unknown}
 m - a potion of degeneration {unknown}
 o - a potion of resistance {unknown}
 r - a potion of might {unknown}
 w - a potion of flight {unknown}
 z - a potion of lignification {unknown}
Books
 b - a book of Air

   Spells                             Type                      Level
   a - Shock                          Conjuration/Air              1
   b - Swiftness                      Charms/Air                   2
   c - Repel Missiles                 Charms/Air                   2
   d - Static Discharge               Conjuration/Air              3
   e - Lightning Bolt                 Conjuration/Air              5
Comestibles
 c - a bread ration


   Skills:
 + Level 0.2 Fighting
 + Level 0.4 Staves
 - Level 2.1 Dodging
 - Level 2.0 Stealth
 + Level 3.1 Spellcasting
 + Level 2.8 Conjurations
 + Level 0.1 Charms
 + Level 5.9 Air Magic


You had 4 spell levels left.
You knew the following spells:

 Your Spells              Type           Power        Failure   Level  Hunger
a - Shock                 Conj/Air       ###.         3%          1    None
b - Swiftness             Chrm/Air       ##......     10%         2    ##.....
c - Static Discharge      Conj/Air       ###.....     12%         3    ###....


Dungeon Overview and Level Annotations

Branches:
Dungeon (3/15)

Altars:
Elyvilon
Nemelex Xobeh
The Shining One


Innate Abilities, Weirdness & Mutations

You have a beak for a mouth.
You have claws for feet.
You can fly.


Message History

Aim: an orc, wielding a hand axe (almost dead)
The zap hits the orc wizard.
The orc wizard is heavily wounded.
The zap hits the orc.
You kill the orc!
The orc wizard zaps a wand.
You resist with some effort.
Casting: Shock
Confirm with . or Enter, or press ? or * to list all spells.
Aiming: Shock
Press: ? - help, Shift-Dir - straight line, f - orc wizard
Aim: an orc wizard, wielding a dagger, wearing a robe and carrying a wand of confusion {zapped: 6} (heavily wounded, fast)
The zap hits the orc wizard.
The orc wizard is severely wounded.
The orc wizard misses you.
You barely miss the orc wizard.
The orc wizard is severely wounded.
The orc wizard zaps a wand.
You are confused.
The orc wizard hits you with a dagger.
You die...

###################
#####...)o@...........#####
#........#.....[.####.#....
#.....>..'.......+.....(..#
+..(.....#.......####.#.#.#
##........#.......# #.#.#..
#.........#.......# #.#.#..
#.....)...#.......# #.#.#..
#.........#########
##+#.#.# #..._.....#
...†.....


You could see an orc wizard.

Vanquished Creatures
  Crazy Yiuf (D:2)
  Jessica (D:2)
  Robin (D:2)
  A worm (D:2)
  3 orcs (D:3)
  A ball python (D:1)
  2 giant cockroaches
  15 goblins
  9 hobgoblins
  4 jackals (D:1)
  2 quokkas (D:3)
  5 bats
  3 giant newts
  5 kobolds
  12 rats
65 creatures vanquished.

Vanquished Creatures (collateral kills)
  A goblin (D:2)
1 creature vanquished.

Grand Total: 66 creatures vanquished

Notes
Turn   | Place    | Note
--------------------------------------------------------------
     0 | D:1      | Raultor the Tengu Air Elementalist began the quest for the Orb.
     0 | D:1      | Reached XP level 1. HP: 10/10 MP: 4/4
   117 | D:1      | Reached XP level 2. HP: 12/15 MP: 0/6
   822 | D:2      | Reached skill level 5 in Air Magic
   889 | D:2      | Reached XP level 3. HP: 7/19 MP: 0/7
  1291 | D:2      | Noticed Jessica
  1294 | D:2      | Killed Jessica
  1389 | D:2      | Reached XP level 4. HP: 12/24 MP: 0/8
  1393 | D:2      | Learned a level 2 spell: Swiftness
  1397 | D:2      | Learned a level 3 spell: Static Discharge
  1423 | D:2      | Noticed Robin
  1564 | D:2      | Noticed Crazy Yiuf
  1572 | D:2      | Killed Crazy Yiuf
  2003 | D:2      | Killed Robin
  2003 | D:2      | Gained mutation: You can fly. [Tengu growth]
  2003 | D:2      | Reached XP level 5. HP: 19/28 MP: 2/10
  2409 | D:3      | Found a sparkling altar of Nemelex Xobeh.
  2413 | D:3      | Found a glowing golden altar of the Shining One.
  2415 | D:3      | Found a white marble altar of Elyvilon.
  2432 | D:3      | Slain by an orc wizard

Vault maps used:
D:1:      dpeg_arrival_rooms_c, minmay_bisected
D:2:      uniq_jessica, uniq_crazy_yiuf_cottage, uniq_robin
D:3:      grunt_temple_overflow_open

Action                   |  1- 3 |  4- 6 || total
-------------------------+-------+-------++-------
Melee: Whip              |    19 |    12 ||    31
       Quarterstaff      |       |    27 ||    27
 Cast: Shock             |    41 |    29 ||    70
       Swiftness         |       |     2 ||     2
       Static Discharge  |       |     2 ||     2
 Stab: Sleeping          |     1 |     2 ||     3
  Eat: Chunk             |     1 |       ||     1
       Meat ration       |       |     1 ||     1
